 Dungeon Crawl Stone Soup version 0.30-a0-373-gd37427bb62 (webtiles) character file.

Game seed: 18178398545027178068

6797 bande the Cleaver (level 11, -4/67 HPs)
             Began as a Gargoyle Fighter on Nov 25, 2022.
             Was a High Priest of Okawaru.
             Slain by a nine-headed hydra (7 damage)
             ... on level 9 of the Dungeon.
             The game lasted 00:18:15 (8104 turns).

bande the Cleaver (Gargoyle Fighter)                Turns: 8104, Time: 00:18:16

Health: -4/67      AC: 29    Str: 24    XL:     11   Next: 5%
Magic:  16/16      EV:  8    Int:  9    God:    Okawaru [*****.]
Gold:   1141       SH:  5    Dex: 13    Spells: 10/10 levels left

rFire   + . .      SeeInvis +    m - +0 morningstar
rCold   . . .      Faith    .    c - +0 buckler
rNeg    + . .      Spirit   .    l - +6 chain mail of Time Monsters {Str+4}
rPois   ∞          Reflect  .    t - +0 hat
rElec   +          Harm     .    u - +0 cloak
rCorr   .          Rampage  .    B - +0 pair of gloves
Will    .....                    h - +1 pair of boots
Stlth   ..........               (no amulet)
HPRegen 0.31/turn                e - ring of protection from fire
MPRegen 0.15/turn                q - ring of see invisible

@: mighty
A: sickness immunity, AC +8, negative energy resistance 1, electricity
resistance, torment resistance 1, petrification resistance
a: Renounce Religion, Heroism, Finesse, Duel


You were on level 9 of the Dungeon.
You worshipped Okawaru.
Okawaru was extremely pleased with you.
You visited 2 branches of the dungeon, and saw 10 of its levels.

You collected 1141 gold pieces.

Inventory:

Hand Weapons
 a - a +0 war axe
 m - a +0 morningstar (weapon)
 n - the +7 broad axe of Patterns {freeze, *Corrode rElec rN+ Str+5}
   (You acquired it on level 3 of the Dungeon)

   It freezes those it strikes, dealing additional cold damage.
   It can also slow down cold-blooded creatures.
   Str:       It affects your strength (+5).
   rElec:     It insulates you from electricity.
   rN:        It protects you from negative energy.
   *Corrode:  It may corrode you when you take damage.
Missiles
 p - a throwing net (quivered)
Armour
 c - a +0 buckler (worn)
 h - a +1 pair of boots (worn)
 k - +0 pearl dragon scales
 l - the +6 chain mail of Time Monsters (worn) {Str+4}
   (You took it off a wight on level 5 of the Dungeon)

   Str:       It affects your strength (+4).
 t - a +0 hat (worn)
 u - a +0 cloak (worn)
 B - a +0 pair of gloves (worn)
Jewellery
 e - a ring of protection from fire (left hand)
 q - a ring of see invisible (right hand)
Wands
 w - a wand of polymorph (3)
 x - a wand of mindburst (7)
 y - a wand of flame (10)
Scrolls
 b - 2 scrolls of teleportation
 g - 3 scrolls of enchant armour
 i - 8 scrolls of identify
 r - a scroll of amnesia
 v - a scroll of silence {unknown}
 A - a scroll of poison
Potions
 d - 2 potions of might
 f - a potion of brilliance
 j - 3 potions of heal wounds
 o - 2 potions of haste
 s - 3 potions of curing
 z - a potion of resistance {unknown}


   Skills:
 + Level 7.3 Fighting
 + Level 10.3 Axes
 + Level 7.2 Armour
 - Level 0.2 Stealth
 + Level 5.4 Shields
 * Level 7.3 Invocations
 * Level 3.8 Evocations


You had 10 spell levels left.
You didn't know any spells.
Your spell library contained the following spells:

 Spells                   Type           Power      Damage    Failure   Level
 Necrotise                Necr           0%         1d4       97%         1
 Blink                    Tloc           0%         N/A       99%         2
 Momentum Strike          Conj/Tloc      0%         3d8       99%         2
 Inner Flame              Hex/Fire       0%         N/A       100%        3
 Lesser Beckoning         Tloc           0%         N/A       100%        3
 Vampiric Draining        Necr           0%         2d6       100%        3
 Cause Fear               Hex            0%         N/A       100%        4
 Petrify                  Tmut/Erth      0%         N/A       100%        4
 Agony                    Necr           0%         N/A       100%        5
 Blade Hands              Tmut           0%         N/A       100%        5
 Irradiate                Conj/Tmut      0%         3d11      100%        5
 Iron Shot                Conj/Erth      0%         9d1       100%        6
 Discord                  Hex            0%         N/A       100%        8
 Sublimation of Blood     Necr           Unusable   N/A       N/A         2
 Animate Armour           Summ/Erth      Unusable   N/A       N/A         4

Dungeon Overview and Level Annotations

Branches:
Dungeon (9/15)             Temple (1/1) D:4            Lair (0/5) D:8
    Orc: D:9-12

Altars:
Cheibriados
Dithmenos
Elyvilon
Gozag
Hepliaklqana
Kikubaaqudgha
Makhleb
Okawaru
Qazlal
Sif Muna
Uskayaw
Vehumet
Xom
Yredelemnul
The Shining One

Annotations:
D:7 4 runed translucent doors
D:9 pokeman's ghost, novice DEHW


Innate Abilities, Weirdness & Mutations

You are immune to sickness and miasma.
Your stone body is resilient. (AC +8)
You are immune to poison.
You resist negative energy. (rN+)
You are resistant to electric shocks. (rElec)
You are resistant to unholy torment.
You are immune to petrification.


Message History

You block the nine-headed hydra's attack.
The nine-headed hydra bites you but does no damage.
You feel much better.
The nine-headed hydra bites you but does no damage. x3
You block the nine-headed hydra's attack.
The nine-headed hydra bites you but does no damage. x4
The nine-headed hydra bites you!
You feel very mighty all of a sudden.
The nine-headed hydra bites you but does no damage.
You block the nine-headed hydra's attack.
The nine-headed hydra barely misses you.
The nine-headed hydra bites you but does no damage.
The nine-headed hydra misses you. The nine-headed hydra bites you. x2
The nine-headed hydra bites you but does no damage.
The nine-headed hydra bites you!
* * * LOW HITPOINT WARNING * * *
You impale the nine-headed hydra!!
The nine-headed hydra is moderately wounded.
The nine-headed hydra bites you but does no damage. x2
The nine-headed hydra closely misses you. x2
The nine-headed hydra bites you.
* * * LOW HITPOINT WARNING * * *
The nine-headed hydra bites you.
* * * LOW HITPOINT WARNING * * *
The nine-headed hydra closely misses you.
The nine-headed hydra bites you.
* * * LOW HITPOINT WARNING * * *
The nine-headed hydra bites you but does no damage.
You hit the nine-headed hydra.
The nine-headed hydra is moderately wounded.
The nine-headed hydra bites you but does no damage.
The nine-headed hydra bites you.
* * * LOW HITPOINT WARNING * * *
The nine-headed hydra bites you.
* * * LOW HITPOINT WARNING * * *
The nine-headed hydra barely misses you.
The nine-headed hydra bites you but does no damage. x2
You block the nine-headed hydra's attack.
The nine-headed hydra bites you!
You die...

###..# #.# #.#...# #. .##..# #.#
#...### #. .##..# #.#
####.######. ###..# #.#
#....#...... ..#..###########.#
#....#.####. #.#..#.........#.#
#....#.##...
..#..#.#######.#.#####.......#.#†
######.# #.#..........#..#...
.......# #.D@............###.
#########################....#...
.............................#.#.
.#######################..#.##.#<
### ######.<........ ..#####
#........####†#. ..'...#
#.##.#...# #.†. ..###'#####
#.##.#...######. ..#.......#
#.##.#...#......


You could see a nine-headed hydra.

Vanquished Creatures
  Pikel (D:6)
  A troll (D:7)
  2 hornets
  A wyvern (D:4)
  11 yaks (D:9)
  A wraith (D:9)
  2 steam dragons
  2 wargs (D:8)
  A water moccasin (D:8)
  2 ice beasts
  2 orc warriors (D:8)
  A sky beast (D:7)
  2 black bears
  An ogre (D:6)
  A centaur (D:7)
  3 lemures (D:6)
  A phantom (D:7)
  2 bullfrogs
  Blork the orc (D:4)
  2 scorpions
  2 necrophages
  5 wights
  17 killer bees
  3 howler monkeys
  4 orc priests
  2 jellies
  2 hounds
  2 iguanas
  Natasha (twice) (D:4)
  12 orc wizards
  4 gnolls (D:4)
  7 adders
  2 ufetubi (D:4)
  A worm (D:2)
  2 dart slugs (D:1)
  31 orcs
  7 ball pythons
  3 bats
  8 endoplasms
  4 giant cockroaches
  6 goblins
  7 hobgoblins
  11 kobolds
  7 quokkas
  3 frilled lizards
  5 rats
199 creatures vanquished.

Vanquished Creatures (others)
  6 fungi (D:7)
  8 plants
14 creatures vanquished.

Grand Total: 213 creatures vanquished

Notes
Turn   | Place    | Note
-------+----------+-------------------------------------------
     0 | D:1      | bande the Gargoyle Fighter began the quest for the Orb.
     0 | D:1      | Reached XP level 1. HP: 14/14 MP: 1/1
    64 | D:1      | Reached skill level 2 in Axes
    77 | D:1      | Reached XP level 2. HP: 17/19 MP: 2/2
   427 | D:1      | Reached XP level 3. HP: 23/23 MP: 3/3
   978 | D:2      | Reached XP level 4. HP: 23/29 MP: 4/4
  1233 | D:2      | Identified the +1 ring mail "Qiribiysh" {Harm rElec Str+3}
  1509 | D:3      | Reached skill level 3 in Axes
  1780 | D:3      | Identified a scroll of acquirement
  1780 | D:3      | Acquired the +7 broad axe of Patterns {freeze, *Corrode
                  | rElec rN+ Str+5}
  1915 | D:4      | Reached XP level 5. HP: 30/33 MP: 5/5
  2058 | D:4      | Found a staircase to the Ecumenical Temple.
  2064 | Temple   | Entered the Ecumenical Temple
  2160 | Temple   | Became a worshipper of Warmaster Okawaru
  2262 | D:4      | Noticed Blork the orc
  2268 | D:4      | Killed Blork the orc
  2269 | D:4      | Reached skill level 4 in Axes
  2269 | D:4      | Reached XP level 6. HP: 32/38 MP: 6/6
  2319 | D:4      | Reached skill level 1 in Invocations
  2439 | D:4      | Noticed Natasha
  2444 | D:4      | Killed Natasha
  2505 | D:4      | Noticed Natasha
  2512 | D:4      | Killed Natasha
  2867 | D:5      | Entered Level 5 of the Dungeon
  2868 | D:5      | Noticed a wyvern
  2875 | D:4      | Reached * piety under Okawaru
  3007 | D:4      | Killed a wyvern
  3008 | D:4      | Reached skill level 5 in Axes
  3008 | D:4      | Reached XP level 7. HP: 11/44 MP: 8/8
  3677 | D:5      | Found a hazy altar of Hepliaklqana.
  3755 | D:5      | Identified the +6 chain mail of Time Monsters {Str+4}
  3812 | D:5      | Reached XP level 8. HP: 48/48 MP: 10/10
  4062 | D:6      | Reached skill level 5 in Armour
  4072 | D:6      | Noticed Pikel
  4080 | D:6      | Killed Pikel
  4080 | D:6      | Reached ** piety under Okawaru
  4081 | D:6      | Reached skill level 5 in Fighting
  4081 | D:6      | Reached skill level 6 in Axes
  4168 | D:6      | Reached skill level 7 in Axes
  4311 | D:6      | Reached XP level 9. HP: 54/54 MP: 12/12
  4474 | D:6      | Reached *** piety under Okawaru
  4764 | D:7      | Reached skill level 5 in Invocations
  4783 | D:7      | Reached skill level 8 in Axes
  4794 | D:7      | Found a shadowy altar of Dithmenos.
  5117 | D:7      | Noticed a troll
  5119 | D:7      | Found a radiant altar of Vehumet.
  5122 | D:7      | Killed a troll
  5128 | D:7      | Reached skill level 1 in Evocations
  5211 | D:7      | Found a huge runed translucent gate.
  5211 | D:7      | Noticed a polar bear
  5211 | D:7      | Noticed a polar bear
  5212 | D:7      | Noticed a polar bear
  5212 | D:7      | Found a huge runed translucent gate.
  5212 | D:7      | Found a huge runed translucent gate.
  5212 | D:7      | Found a huge runed translucent gate.
  5212 | D:7      | Noticed a polar bear
  5273 | D:7      | Found a basalt altar of Yredelemnul.
  5495 | D:7      | Acquired 607 gold pieces
  6006 | D:8      | Found a stormy altar of Qazlal.
  6006 | D:8      | Found a burning altar of Makhleb.
  6082 | D:8      | Found a snail-covered altar of Cheibriados.
  6175 | D:9      | Reached **** piety under Okawaru
  6176 | D:9      | Reached skill level 9 in Axes
  6176 | D:9      | Reached skill level 5 in Shields
  6176 | D:9      | Reached XP level 10. HP: 22/60 MP: 14/14
  6749 | D:8      | Found a staircase to the Lair.
  6767 | D:8      | You fall into a shaft and drop 1 floor!
  6828 | D:9      | Reached ***** piety under Okawaru
  7378 | D:9      | Reached skill level 10 in Axes
  7546 | D:9      | Noticed a nine-headed hydra
  7547 | D:9      | Noticed pokeman's ghost (novice DEHW)
  7565 | D:9      | Found a runed translucent gate.
  7567 | D:9      | Found a runed translucent gate.
  7573 | D:9      | Found a runed translucent gate.
  7656 | D:9      | Reached XP level 11. HP: 62/67 MP: 16/16
  8104 | D:9      | HP: 3/67 [nine-headed hydra (5)]
  8104 | D:9      | Slain by a nine-headed hydra

Illustrated notes

Levels and vault maps discovered:
D:1:      eino_arrival_water_cross, layout_rooms, minmay_liquid_box,
          chequers_serial_rivers_micro_c
D:2:      kennysheep_six_static_rooms, layout_basic
D:3:      layout_rooms
D:4:      kennysheep_big_flooded_room, layout_loops_ring,
          minmay_temple_entry_fiery, chequers_hall_statues_y,
          kennysheep_generic_room_4, uniq_blork_the_orc, uniq_natasha
D:5:      layout_rooms, lemuel_crystal_altar
D:6:      layout_basic, minmay_misc_feat_alley, minmay_misc_feat_hallway,
          uniq_pikel
D:7:      lemuel_bear_cage, layout_basic, nicolae_overflow_hidden_temple,
          mainiacjoe_overflow_cross_hatched, nicolae_vehumet_altar_sigil
D:8:      layout_rooms, cheibriados_altar_1, jmf_multi_god_temple,
          erik_lair_orcish_takeover
D:9:      layout_basic, gammafunk_ghost_hydra_chop
Temple:   regret_index_temple_generic_petals

Skill      XL: |  1  2  3  4  5  6  7  8  9 10 |
---------------+-------------------------------+-----
Axes           | 2 3 4 5 7 9 10 | 10.3
Armour         | 4 5 6 7 |  7.2
Fighting       | 4 5 6 7 |  7.3
Invocations    | 2 3 4 5 7 |  7.3
Shields        | 4 5 |  5.4
Evocations     | 2 3 |  3.8
Stealth        | |  0.2

Action                   |  1- 3 |  4- 6 |  7- 9 | 10-12 || total
-------------------------+-------+-------+-------+-------++-------
Melee: War axe           |    91 |    72 |       |       ||   163
       Broad axe         |       |    59 |   148 |   109 ||   316
       Morningstar       |       |       |       |     2 ||     2
  Use: Scroll            |     6 |     5 |     8 |       ||    19
       Potion            |       |     1 |       |     2 ||     3
Armor: Scale mail        |    37 |       |       |       ||    37
       Pearl dragon scal |    25 |   106 |    23 |       ||   154
       Chain mail        |       |       |    97 |   179 ||   276
Dodge: Dodged            |    44 |    80 |    55 |    91 ||   270
Block: Buckler           |    19 |    47 |    34 |    53 ||   153

Table legend: (Time is in decaauts)
 A = Elapsed time spent in this place.
 B = Non-inter-level travel time spent in this place.
 C = Inter-level travel time spent in this place.
 D = Time resting spent in this place.
 E = Time spent auto-exploring this place.
 F = Levels seen in this place.
 G = Mean time per level.
                   A        B        C        D        E       F      G
               +--------+--------+--------+--------+--------+-----+--------+
         Total |   8264 |   8082 |    182 |   1118 |   5159 |  10 |  826.4 |
       Dungeon |   8129 |   7985 |    144 |   1118 |   5070 |   9 |  903.2 |
        Temple |    135 |     97 |     38 |      0 |     89 |   1 |  135.0 |
               +--------+--------+--------+--------+--------+-----+--------+

Top non-repeatable levels by time:
     D:9: 1474 daAuts
     D:4: 1441 daAuts
     D:7: 1248 daAuts
     D:2: 985 daAuts
     D:8: 693 daAuts
     D:6: 682 daAuts
     D:5: 630 daAuts
     D:1: 540 daAuts
     D:3: 432 daAuts
  Temple: 135 daAuts
